 Dungeon Crawl Stone Soup version 0.21.1-1-g345015f (webtiles) character file.

182 vatarom the Conjurer (level 5, -3/28 HPs)
             Began as a Kobold Conjurer on June 6, 2018.
             Killed by nerve-wracking pain
             ... invoked by an orc priest
              (8 damage)
             ... on level 3 of the Dungeon.
             The game lasted 00:09:22 (3440 turns).

vatarom the Conjurer (Kobold Conjurer)              Turns: 3440, Time: 00:09:23

Health: -3/28      AC:  3    Str:  6    XL:     5   Next: 93%
Magic:  0/11       EV: 15    Int: 17    God:
Gold:   164        SH:  0    Dex: 15    Spells: 2/12 levels left

rFire    . . .     SeeInvis .   l - +3 quarterstaff (chaos)
rCold    . . .     Gourm    .   (shield currently unavailable)
rNeg     . . .     Faith    .   a - +0 robe
rPois    .         Spirit   .   (no helmet)
rElec    .         Reflect  .   f - +0 cloak
rCorr    .         Harm     +   (no gloves)
MR       .....                  (no boots)
Stlth    +++.......             j - amulet of harm
HPRegen  0.09/turn              (no ring)
MPRegen  0.12/turn              (no ring)

@: very slightly contaminated, invisible
A: small, carnivore
a: no special abilities


You were on level 3 of the Dungeon.
You were completely stuffed.

You visited 1 branch of the dungeon, and saw 3 of its levels.

You collected 164 gold pieces.

Inventory:

Hand Weapons
 l - a +3 quarterstaff of chaos (weapon)
Armour
 a - a +0 robe (worn)
 f - a +0 cloak (worn)
Jewellery
 j - an amulet of harm (around neck)
Wands
 d - a wand of paralysis (18)
Scrolls
 i - a scroll of blinking {@r4}
Potions
 g - a potion of cancellation
 h - 2 potions of lignification
Books
 b - a book of Conjurations

   Spells                             Type                      Level
   a - Magic Dart                     Conjuration                  1
   b - Searing Ray                    Conjuration                  2
   c - Dazzling Spray                 Conjuration/Hexes            3
   d - Fulminant Prism                Conjuration/Hexes            4
   e - Force Lance                    Conjuration/Translocation    4
   f - Iskenderun's Mystic Blast      Conjuration                  4
Comestibles
 c - 8 rations {@e1}
 m - 3 chunks of flesh


   Skills:
 - Level 2.4 Dodging
 + Level 4.2 Stealth
 * Level 4.0 Spellcasting
 * Level 5.2 Conjurations


You had 2 spell levels left.
You knew the following spells:

 Your Spells              Type           Power        Failure   Level  Hunger
c - Dazzling Spray        Conj/Hex       ##....       16%         3    ###....
v - Iskenderun's Mystic   Conj           ###.....     19%         4    ####...
x - Searing Ray           Conj           ###...       2%          2    ##.....
z - Magic Dart            Conj           ###.         1%          1    None


Dungeon Overview and Level Annotations

Branches:
Dungeon (3/15)

Altars:
Cheibriados


Innate Abilities, Weirdness & Mutations

You are small and have problems with some larger weapons.
You are carnivorous and can eat meat at any time.


Message History

(Press . to maintain the ray.)
Casting: Searing Ray
Confirm with . or Enter, or press ? or * to list all spells.
You don't have enough magic to cast that spell.
Unknown command.
Unknown command.
Casting: Searing Ray
Confirm with . or Enter, or press ? or * to list all spells.
Aiming: Magic Dart
Press: ? - help, Shift-Dir - straight line, f/p - orc priest
Aim: an orc priest, wielding a whip and wearing a chain mail (heavily wounded, hasn't noticed you)
The magic dart hits the orc priest.
The orc priest is heavily wounded.
Welcome back, vatarom the Kobold Conjurer.
Press ? for a list of commands and other information.
You see here a hunting sling.
Okay, then.
The orc priest invokes the aid of Beogh against something.
Pain shoots through your body!
You die...

########
#.o.o..#
#.####.#
#.# #.###
#. #o#
#.o.# #.
#.# ###.#
## #)# #o#
#. #.# #)#
#. #@# #o#
#. ######.#
#S# #.
#......#
#.# ..####.
#.######
#.. #......
#.#
#..........
#.#
...####.
#.# .. ...
#.# ####
##.##


You could see an orc priest and an orc (wandering).

Vanquished Creatures
  Crazy Yiuf (D:2)
  Ijyb (D:3)
  3 gnolls (D:3)
  4 adders
  A worm (D:2)
  A dart slug (D:1)
  2 leopard geckos
  3 orcs (D:3)
  3 giant cockroaches
  6 goblins
  6 hobgoblins
  A quokka (D:2)
  2 ball pythons
  7 bats
  7 frilled lizards
  8 kobolds
  11 rats
67 creatures vanquished.

Notes
Turn   | Place    | Note
-------+----------+-------------------------------------------
     0 | D:1      | vatarom the Kobold Conjurer began the quest for the Orb.
     0 | D:1      | Reached XP level 1. HP: 10/10 MP: 3/3
   549 | D:1      | Reached XP level 2. HP: 15/15 MP: 1/5
   599 | D:1      | Learned a level 2 spell: Searing Ray
  1329 | D:1      | Reached XP level 3. HP: 19/19 MP: 5/7
  1334 | D:1      | Learned a level 3 spell: Dazzling Spray
  1803 | D:2      | Found a snail-covered altar of Cheibriados.
  2004 | D:2      | Reached XP level 4. HP: 24/24 MP: 4/8
  2154 | D:2      | Found a runed door.
  2250 | D:2      | Noticed Crazy Yiuf
  2292 | D:2      | Killed Crazy Yiuf
  2629 | D:2      | Found a faded altar of an unknown god.
  2673 | D:3      | Reached XP level 5. HP: 20/28 MP: 10/10
  3065 | D:3      | Reached skill level 5 in Conjurations
  3071 | D:3      | Learned a level 4 spell: Iskenderun's Mystic Blast
  3334 | D:3      | Noticed Ijyb
  3337 | D:3      | Killed Ijyb
  3440 | D:3      | Killed from afar by an orc priest

Skill      XL: |  1  2  3  4  5 |
---------------+----------------+-----
Stealth        | 3 4 |  4.2
Spellcasting   | 3 4 |  4.0
Conjurations   | 5 |  5.2
Dodging        | |  2.4

Action                   |  1- 3 |  4- 6 || total
-------------------------+-------+-------++-------
Melee: Unarmed           |    14 |       ||    14
       Spear             |     3 |       ||     3
       Quarterstaff      |       |    14 ||    14
 Cast: Magic Dart        |    76 |    40 ||   116
       Searing Ray       |     1 |     5 ||     6
       Dazzling Spray    |       |     1 ||     1
  Use: Potion            |       |     4 ||     4
       Scroll            |       |     6 ||     6
 Stab: Sleeping          |     1 |     2 ||     3
  Eat: Chunk             |    12 |     5 ||    17
Armor: Robe              |     7 |     1 ||     8
Dodge: Dodged            |    34 |    23 ||    57
